 Dungeon Crawl Stone Soup version 0.21.1-1-g345015fe64 (webtiles) character file.

6024 Gargoyl the Fighter (level 10, -1/91 HPs)
             Began as a Centaur Abyssal Knight on May 26, 2018.
             Was an Elder of Lugonu.
             Slain by an orc warrior
             ... wielding a +0 dire flail
              (15 damage)
             ... on level 8 of the Dungeon.
             The game lasted 00:12:49 (8472 turns).

Gargoyl the Fighter (Centaur Abyssal Knight)        Turns: 8472, Time: 00:12:50

Health: -1/91      AC: 14    Str: 17    XL:     10   Next: 56%
Magic:  15/15      EV:  3    Int: 11    God:    Lugonu [****..]
Gold:   469        SH:  3    Dex: 13    Spells: 9/9 levels left

rFire    . . .     SeeInvis .   a - +2 hand axe
rCold    + . .     Gourm    .   (no shield)
rNeg     . . .     Faith    .   f - +0 plate armour
rPois    +         Spirit   .   b - +1 helmet
rElec    .         Reflect  +   (no cloak)
rCorr    .         Harm     .   d - +0 pair of gloves
MR       .....                  (no barding)
Stlth    ..........             n - +3 amulet of reflection
HPRegen  0.25/turn              (no ring)
MPRegen  0.14/turn              m - +3 ring of dexterity

@: very quick
A: large, hooves 3, cold resistance 1, deformed body, deterioration 1, speed 2,
poison resistance, tough skin 3
a: Depart the Abyss, Bend Space, Banish, Corrupt, Renounce Religion


You were on level 8 of the Dungeon.
You worshipped Lugonu.
Lugonu was greatly pleased with you.
You were not hungry.

You visited 1 branch of the dungeon, and saw 8 of its levels.
You visited the Abyss 1 time.

You collected 469 gold pieces.

Inventory:

Hand Weapons
 a - a +2 hand axe (weapon)
 p - a +0 war axe
Missiles
 q - 5 javelins of returning (quivered)
Armour
 b - a +1 helmet (worn)
 d - a +0 pair of gloves (worn)
 f - a +0 plate armour (worn)
Jewellery
 g - the ring of Lies {Wiz Dex+3, unknown}
   (You found it on level 7 of the Dungeon)

   [ring of wizardry]

   It improves your spell success rate.
   It affects your dexterity (+3).
 j - an uncursed ring of poison resistance
 m - a +3 ring of dexterity (right hand)
 n - a +3 amulet of reflection (around neck)
Wands
 e - a wand of random effects (10)
Scrolls
 h - 3 scrolls of teleportation
 k - 2 scrolls of remove curse
 l - a scroll of magic mapping
 s - a scroll of fear
 u - a scroll of identify
Potions
 i - a potion of might
 o - 2 potions of curing
 r - a potion of brilliance {unknown}
 t - a potion of heal wounds {unknown}
 v - a potion of invisibility {unknown}
Comestibles
 c - a ration


   Skills:
 + Level 9.1 Fighting
 + Level 7.8 Axes
 + Level 1.0 Throwing
 * Level 6.4 Armour
 + Level 1.0 Dodging
 * Level 6.7 Invocations
 + Level 2.7 Evocations


You had 9 spell levels left.
You didn't know any spells.

Dungeon Overview and Level Annotations

Branches:
Dungeon (8/15)             Temple (0/1) D:6
   Lair: D:8-11

Altars:
Cheibriados
Fedhas
Kikubaaqudgha
Qazlal
Trog
Uskayaw
Xom


Innate Abilities, Weirdness & Mutations

You have hooves in place of feet.
Armour fits poorly on your strangely shaped body.
You cover ground very quickly.
You have extremely tough skin. (AC +3)
Your flesh is cold resistant. (rC+)
Your body sometimes deteriorates upon taking damage.
Your system is resistant to poisons. (rPois)


Message History

Unknown command.
The orc warrior hits you with a dire flail!
Items here: )) [[ a dagger; a robe; a scimitar; a plate armour You hit the orc.
You kill the orc!
Lugonu accepts your kill.
You closely miss the orc warrior.
Unknown command.
You see here a chain mail.
Your plate armour prevents you from hitting the orc warrior.
The orc warrior hits you but does no damage.
You hit the orc warrior.
The orc warrior is lightly wounded.
The orc warrior hits you with a dire flail!
* * * LOW HITPOINT WARNING * * *
You hit the orc warrior. Your kick misses the orc warrior.
The orc warrior is moderately wounded.
The orc warrior hits you with a dire flail!
You die...

##(# #.# #
#)####### #
#........ #
####..###### #
#.........# #
#.###.###.#
####.###....)#
#....@o.....##
#.####)####.#
#.....# .#
#.......# #
#.......#
....._.....
..#.......#..
##.#.......#.##
. ##.....## #


You could see an orc warrior.

Vanquished Creatures
  A tentacled starspawn (Abyss:2)
  The ghost of Tali the Cleaver, a novice MiFi of Trog (D:8)
  The ghost of Gargoyl the Skirmisher, a novice CeAK of Lugonu (D:6)
  2 hippogriffs (D:7)
  Eustachio (D:5)
  A hungry ghost (D:8)
  Edmund (D:5)
  2 sky beasts
  2 orc warriors
  5 ogres
  2 phantoms
  3 centaurs
  A big kobold (D:8)
  5 bullfrogs
  A scorpion (D:8)
  3 howler monkeys
  A quasit (D:7)
  2 hounds (D:8)
  A jelly (D:5)
  2 orc priests (D:3)
  4 iguanas
  3 bullfrog skeletons
  5 worker ants
  2 orc wizards
  3 worker ant zombies
  11 gnolls
  6 adders
  2 oozes (D:2)
  4 worms
  4 dart slugs
  A leopard gecko (D:8)
  14 orcs
  8 bats
  4 giant cockroaches
  10 goblins
  11 hobgoblins
  10 jackals
  A quokka (D:3)
  A ball python (D:1)
  A frilled lizard (D:2)
  2 jackal zombies
  8 kobolds
  2 leopard gecko skeletons
  A quokka skeleton (D:7)
  A quokka zombie (D:5)
  9 rats
  A starspawn tentacle (Abyss:2)
167 creatures vanquished.

Vanquished Creatures (others)
  The ghost of Tali the Cleaver, a novice MiFi (D:7)
  An orc wizard (D:3)
  7 starspawn tentacles (Abyss:2)
9 creatures vanquished.

Grand Total: 176 creatures vanquished

Notes
Turn   | Place    | Note
-------+----------+-------------------------------------------
     0 | Abyss:1  | Gargoyl the Centaur Abyssal Knight began the quest for the Orb.
     0 | Abyss:1  | Reached XP level 1. HP: 19/19 MP: 2/2
   108 | Abyss:2  | Found a corrupted altar of Lugonu.
   109 | Abyss:2  | Noticed a small abomination
   133 | Abyss:2  | Found a corrupted altar of Lugonu.
   162 | Abyss:2  | Noticed a cyan very ugly thing
   248 | Abyss:2  | Noticed a tentacled starspawn
   282 | Abyss:2  | Killed a tentacled starspawn
   282 | Abyss:2  | Reached skill level 8 in Fighting
   282 | Abyss:2  | Reached XP level 2. HP: 9/35 MP: 3/5
   282 | Abyss:2  | Reached XP level 3. HP: 11/40 MP: 3/6
   282 | Abyss:2  | Reached XP level 4. HP: 13/48 MP: 3/7
   282 | Abyss:2  | Reached XP level 5. HP: 14/53 MP: 3/8
   282 | Abyss:2  | Reached XP level 6. HP: 17/61 MP: 3/9
   282 | Abyss:2  | Reached XP level 7. HP: 19/68 MP: 3/10
   282 | Abyss:2  | Reached XP level 8. HP: 20/74 MP: 3/11
   318 | Abyss:2  | Noticed a small abomination
   318 | D:1      | Escaped the Abyss
   639 | D:1      | Reached * piety under Lugonu
   704 | D:1      | Reached skill level 1 in Dodging
  1374 | D:2      | Reached ** piety under Lugonu
  2228 | D:3      | Found a snail-covered altar of Cheibriados.
  2338 | D:3      | Found a shimmering altar of Xom.
  2414 | D:3      | Found a shimmering altar of Xom.
  3178 | D:4      | Reached XP level 9. HP: 25/82 MP: 12/12
  3444 | D:4      | Found a hide-covered altar of Uskayaw.
  3489 | D:4      | Found a stormy altar of Qazlal.
  3773 | D:4      | Found a blossoming altar of Fedhas.
  3821 | D:5      | Entered Level 5 of the Dungeon
  3842 | D:5      | Noticed Eustachio
  3954 | D:4      | Reached skill level 5 in Axes
  4253 | D:5      | Killed Eustachio
  4277 | D:5      | Noticed Edmund
  4287 | D:5      | Killed Edmund
  4287 | D:5      | Reached skill level 5 in Invocations
  4750 | D:5      | Reached *** piety under Lugonu
  5745 | D:6      | Noticed Gargoyl's ghost (novice CeAK)
  5746 | D:6      | Found a staircase to the Ecumenical Temple.
  5766 | D:6      | Killed Gargoyl's ghost
  5766 | D:6      | Reached skill level 5 in Armour
  6588 | D:6      | Gained mutation: Your flesh is cold resistant. (rC+) [potion of mutation]
  6588 | D:6      | Gained mutation: Your body sometimes deteriorates upon taking damage. [potion of mutation]
  6588 | D:6      | Gained mutation: Your system is resistant to poisons. (rPois) [potion of mutation]
  6653 | D:7      | Reached skill level 1 in Throwing
  6775 | D:7      | Reached XP level 10. HP: 41/90 MP: 14/14
  7057 | D:7      | Noticed Tali's ghost (novice MiFi)
  7066 | D:7      | Banished Tali's ghost
  7318 | D:7      | Got a slimy copper ring
  8103 | D:8      | Noticed Tali's ghost (novice MiFi)
  8116 | D:8      | Killed Tali's ghost
  8116 | D:8      | Reached skill level 9 in Fighting
  8350 | D:8      | Found a bloodstained altar of Trog.
  8429 | D:8      | Reached **** piety under Lugonu
  8436 | D:8      | Found an ancient bone altar of Kikubaaqudgha.
  8472 | D:8      | Slain by an orc warrior

Skill      XL: |  1  2  3  4  5  6  7  8  9 10 |
---------------+-------------------------------+-----
Fighting       | 8 9 |  9.1
Axes           | 4 6 7 |  7.8
Armour         | 3 5 6 |  6.4
Invocations    | 4 6 |  6.7
Evocations     | 2 |  2.7
Dodging        | 1 |  1.0
Throwing       | 1 |  1.0

Action                   |  1- 3 |  4- 6 |  7- 9 | 10-12 || total
-------------------------+-------+-------+-------+-------++-------
Melee: Hand axe          |       |       |   424 |   169 ||   593
       Kick              |       |       |   120 |    65 ||   185
Throw: Javelin           |       |       |     9 |       ||     9
Invok: Depart the Abyss  |       |       |     1 |       ||     1
       Banish            |       |       |       |     1 ||     1
Evoke: Wand              |    10 |       |       |       ||    10
  Use: Scroll            |     4 |       |    14 |       ||    18
       Potion            |       |       |     2 |       ||     2
  Eat: Chunk             |       |       |     8 |       ||     8
       Ration            |       |       |     2 |     3 ||     5
Armor: Plate armour      |       |       |   373 |   134 ||   507
Dodge: Dodged            |       |       |    67 |    17 ||    84
Block: Other             |       |       |    36 |    23 ||    59
       Reflection        |       |       |     1 |       ||     1
